Map: Frostline LE

Players

iPlayDefense

  • Race: Terran Terran
  • League: Silver
  • Spawn Location: 1:00

ErikOdS - Winner!

  • Race: Terran Terran
  • Spawn Location: 7:00

VOD

Have the link to the VOD?

Description

Time

  • Played on: April 13, 2025, 11:20 p.m.
  • Length: 13:37
Show
View Real Time Build Order
Export as new Build Order

iPlayDefense Terran 

Build Orders:  

Get SALT Encoding   

  12  0:00  SCV  
  13  0:14  Supply Depot  
  13  0:21  Refinery  
  13  0:25  SCV  
  14  0:37  SCV  
  15  0:46  Barracks  
  15  0:53  SCV  
  16  1:00  Supply Depot  
  16  1:14  SCV  
  17  1:33  Orbital Command  
  17  1:35  Barracks Reactor  
  17  1:41  Barracks  
  17  2:01  SCV  
  18  2:11  Marine  
  18  2:12  Marine  
  18  2:13  SCV  
  21  2:21  Supply Depot  
  21  2:25  SCV  
  21  2:28  Barracks Tech Lab  
  21  2:29  Marine  
  23  2:30  Marine  
  24  2:43  Factory  
  24  2:47  Marine  
  24  2:48  Marine  
  24  2:50  Marine  
  27  3:05  Marine x2  
  28  3:07  Marine  
  28  3:09  Stimpack  
  28  3:23  Marine x2  
  28  3:25  Marine  
  31  3:28  Command Center  
  31  3:40  Marine  
  32  3:41  Marine  
  32  3:43  Marine  
  32  3:57  Factory Tech Lab  
  32  3:59  Marine x2  
  32  4:00  Barracks x2  
  30  4:21  Marine  
  30  4:22  Marine x2  
  29  4:35  Siege Tank  
  32  4:42  SCV  
  36  4:49  Marine x2  
  38  4:55  SCV  
  36  5:22  Barracks Reactor x2  
  36  5:30  Command Center  
  36  5:34  Supply Depot  
  36  5:37  Refinery  
  36  6:00  Supply Depot  
  36  6:01  Marine  
  36  6:02  Marine x3  
  40  6:19  Marine  
  40  6:20  Marine x3  
  40  6:22  Supply Depot  
  44  6:30  SCV  
  45  6:37  Marine  
  45  6:38  Marine x2  
  48  6:42  SCV  
  48  6:44  Orbital Command  
  49  6:54  SCV  
  50  7:15  Orbital Command  
  50  7:30  Marine x4  
  54  7:46  Supply Depot  
  54  7:47  Marine  
  54  7:48  Marine x3  
  58  7:51  SCV  
  58  7:52  SCV  
  60  8:03  SCV  
  60  8:04  SCV  
  62  8:05  Marine  
  62  8:06  Marine x3  
  66  8:13  Starport  
  66  8:16  Starport  
  66  8:23  Marine  
  66  8:24  Marine x3  
  48  8:31  Marine  
  48  8:32  Marine  
  47  8:37  Supply Depot  
  47  8:41  SCV x2  
  49  8:42  Marine x4  
  53  8:49  Marine  
  53  8:50  Marine  
  53  8:53  SCV x2  
  53  8:54  Starport Reactor x2  
  57  8:59  Marine  
  57  9:00  Marine x3  
  61  9:07  Marine  
  61  9:08  Marine, Factory Tech Lab  
  63  9:17  Marine  
  63  9:18  Marine x3  
  63  9:19  Supply Depot  
  67  9:24  SCV x2  
  67  9:25  Marine x2  
  71  9:32  Siege Tank  
  71  9:35  Marine x2, Liberator x2  
  71  9:36  SCV x2, Marine x2, Liberator  
  89  9:43  Marine x2  
  91  9:53  Marine  
  92  10:04  Siege Tank  
  95  10:28  Command Center  
  95  10:29  SCV x2, Marine x2  
  95  10:30  Marine x2  
  101  10:41  SCV  
  102  11:08  Marine x2  
  102  11:09  SCV  
  102  11:14  Marine x2  
  102  11:16  Supply Depot  
  101  11:23  Siege Tank  
  101  11:31  SCV  
  102  11:38  SCV, Liberator x2, Marine  
  102  11:39  Supply Depot, Marine x5, Liberator x2  
  121  11:43  SCV  
  122  11:48  Orbital Command  
  122  11:50  SCV  
  123  11:55  Marine  
  123  11:57  SCV  
  123  12:00  Supply Depot, Siege Tank, Marine x3  
  131  12:02  SCV  
  131  12:07  Marine  
  133  12:22  SCV x2, Marine x3  
  138  12:24  Supply Depot  
  138  12:25  Marine  
  139  12:31  SCV  
  139  12:32  Marine  
  141  12:45  Siege Tank, Marine x4, SCV  
  141  12:46  Supply Depot  
  149  12:51  SCV x2  
  149  12:53  Viking x2  
  116  13:03  SCV x2  
Show
View Real Time Build Order
Export as new Build Order

ErikOdS Terran - Winner!

Build Orders:  

Get SALT Encoding   

  12  0:01  SCV  
  13  0:13  SCV  
  14  0:18  Supply Depot  
  14  0:25  SCV  
  15  0:39  SCV  
  15  0:41  Barracks  
  16  0:46  Refinery  
  16  0:51  SCV  
  17  1:03  SCV  
  18  1:15  SCV  
  19  1:28  SCV  
  20  1:36  Command Center  
  20  1:38  Reaper  
  21  1:44  Supply Depot  
  22  1:52  Orbital Command  
  21  2:17  Marine, Factory  
  22  2:35  Marine  
  23  2:49  SCV  
  24  2:53  Marine  
  24  3:09  Bunker  
  22  3:15  Factory Tech Lab  
  22  3:17  Marine  
  21  3:35  Siege Tank, Marine  
  25  3:51  SCV  
  25  3:53  Marine  
  27  4:03  SCV  
  27  4:10  Marine  
  28  4:21  Siege Tank  
  31  4:28  SCV, Marine  
  33  4:40  SCV  
  34  4:46  Marine  
  35  5:04  Marine  
  36  5:34  Barracks Reactor  
  36  5:37  Bunker  
  35  6:05  Refinery  
  35  6:08  Siege Tank  
  38  6:15  Orbital Command  
  38  6:31  Starport  
  38  6:48  SCV  
  39  7:00  SCV  
  40  7:06  SCV  
  41  7:12  SCV  
  42  7:18  SCV  
  42  7:22  Marine x2  
  45  7:24  SCV  
  46  7:30  Supply Depot, Command Center  
  46  7:33  Supply Depot  
  46  7:34  Supply Depot  
  46  7:35  Supply Depot  
  46  7:37  Fusion Core  
  46  7:41  Armory  
  46  7:47  Armory  
  46  7:52  SCV, Marine x2  
  46  7:53  Starport Tech Lab  
  46  7:58  Starport  
  49  8:04  SCV  
  50  8:08  Refinery  
  50  8:10  Marine x2  
  50  8:12  Refinery  
  52  8:16  SCV  
  48  8:27  Marine x2  
  48  8:28  SCV  
  48  8:33  Siege Tank  
  54  8:45  Marine x2  
  56  8:49  SCV  
  57  8:56  Orbital Command  
  57  9:01  SCV, Starport Tech Lab  
  57  9:02  Battlecruiser  
  64  9:08  Starport  
  64  9:13  SCV  
  65  9:18  Refinery  
  65  9:22  Terran Ship Weapons Level 1  
  65  9:23  Terran Vehicle And Ship Armor Level 1  
  65  9:32  Supply Depot  
  65  9:34  Supply Depot x2  
  65  9:35  Supply Depot x2  
  65  9:36  Supply Depot  
  65  9:40  Weapon Refit  
  65  9:49  Thor  
  71  9:54  SCV  
  71  9:59  Supply Depot  
  72  10:03  SCV  
  72  10:06  SCV  
  74  10:15  SCV  
  74  10:18  SCV  
  76  10:27  SCV  
  77  10:30  SCV  
  77  10:34  Battlecruiser  
  90  10:35  Battlecruiser  
  90  10:37  Starport Tech Lab  
  90  10:39  SCV  
  90  10:42  SCV  
  92  10:50  Refinery  
  92  10:54  SCV  
  89  11:06  SCV  
  90  11:18  SCV  
  90  11:19  Battlecruiser  
  97  11:30  SCV  
  98  11:33  Marine x2  
  100  11:41  Starport  
  100  11:50  Marine  
  100  11:51  Marine  
  102  12:08  Marine x2  
  102  12:13  Battlecruiser  
  110  12:15  Command Center  
  110  12:26  Marine x2  
  112  12:30  Supply Depot  
  112  12:32  Supply Depot  
  112  12:34  Supply Depot  
  112  12:36  Supply Depot  
  112  12:37  Starport Tech Lab  
Tags
 
League
Silver
Matchup
TvT
Race
Terran
Replay Pack
DaveSC2
Spawn Locations
Cross Positions
Add a new tag
Caveats
  • Supply blocks, unpowered buildings, or Contaminate may cause inaccurate times.
  • Supply counts are checked every 10 seconds.